Map: Overgrown Facility

Players

OpuS - Winner!

  • Race: Protoss Protoss
  • League: Platinum
  • Spawn Location: 7:00

Sketchaphone - Winner!

  • Race: Zerg Zerg
  • League: Platinum
  • Spawn Location: 9:00

Balamon

  • Race: Zerg Zerg
  • League: Diamond
  • Spawn Location: 3:00

Kurind

  • Race: Zerg Zerg
  • Spawn Location: 1:00

VOD

Have the link to the VOD?

Description

Time

  • Played on: Feb. 16, 2019, 10:29 p.m.
  • Length: 10:25
Show
View Real Time Build Order
Export as new Build Order

OpuS Protoss - Winner!

Build Orders:  

Get SALT Encoding   

  12  0:01  Probe  
  13  0:13  Probe  
  14  0:22  Pylon  
  14  0:25  Probe  
  15  0:39  Probe  
  16  0:45  Gateway  
  16  0:48  Probe  
  16  0:53  Assimilator  
  16  0:56  Probe, Assimilator  
  18  1:11  Gateway  
  18  1:14  Probe  
  19  1:26  Probe  
  20  1:34  Cybernetics Core, Probe  
  21  1:41  Pylon  
  21  1:58  Probe  
  21  2:06  Probe  
  22  2:10  Warp Gate  
  22  2:11  Stalker  
  22  2:12  Zealot  
  27  2:35  Nexus  
  26  2:39  Probe  
  27  2:50  Stalker  
  29  2:54  Pylon  
  29  3:02  Stargate  
  29  3:07  Probe  
  30  3:16  Gateway  
  30  3:40  Probe, Void Ray  
  31  3:43  Pylon  
  31  3:45  Twilight Council  
  35  3:59  Sentry  
  37  4:03  Zealot  
  37  4:08  Probe x2  
  41  4:12  Sentry  
  43  4:24  Adept x2  
  43  4:29  Probe  
  43  4:30  Probe  
  49  4:38  Adept  
  49  4:41  Probe  
  49  4:42  Probe  
  53  4:46  Pylon  
  53  4:49  Pylon  
  53  4:58  Stalker  
  55  5:01  Stalker  
  55  5:02  Void Ray  
  61  5:26  Zealot  
  61  5:27  Zealot x2  
  67  5:29  Charge  
  65  5:47  Probe x2  
  67  5:50  Zealot x3  
  67  5:54  Pylon  
  73  5:59  Probe  
  74  6:15  Zealot  
  76  6:20  Zealot x2  
  79  6:34  Void Ray  
  79  6:37  Pylon  
  79  6:39  Assimilator  
  83  6:42  Pylon  
  83  6:44  Assimilator  
  83  6:58  Zealot x2  
  83  7:00  Zealot  
  89  7:05  Probe x2  
  91  7:11  Pylon  
  91  7:17  Probe x2  
  93  7:23  Void Ray  
  93  7:29  Probe  
  98  7:31  Gateway  
  96  8:04  Probe  
  96  8:05  Probe, Void Ray  
  90  8:08  Gateway  
  90  8:10  Gateway  
  90  8:12  Gateway  
  94  8:16  Probe  
  94  8:17  Probe  
  94  8:29  Probe x2  
  94  8:31  Zealot x3  
  102  8:41  Probe x2  
  104  8:51  Void Ray  
  104  8:53  Probe  
  109  8:56  Probe  
  110  9:02  Pylon  
  110  9:05  Pylon  
  110  9:20  Nexus, Probe  
  110  9:23  Templar Archives  
  95  9:58  Zealot x2  
  95  9:59  Zealot x5  
  109  10:02  Pylon  
  109  10:04  Pylon  
  109  10:06  Pylon  
Show
View Real Time Build Order
Export as new Build Order

Sketchaphone Zerg - Winner!

Build Orders: Hatch First 

Get SALT Encoding   

  12  0:02  Drone  
  13  0:13  Drone  
  14  0:17  Overlord  
  14  0:35  Drone x2  
  14  0:37  Drone  
  17  0:57  Hatchery  
  17  1:00  Drone  
  17  1:02  Drone  
  18  1:06  Extractor  
  17  1:21  Spawning Pool  
  16  1:26  Drone x2  
  18  1:37  Drone  
  19  1:41  Overlord  
  19  1:52  Drone  
  20  2:09  Metabolic Boost  
  20  2:10  Queen x2  
  20  2:12  Drone  
  20  2:15  Zergling x2  
  26  2:34  Overlord  
  26  2:36  Zergling x8  
  30  2:42  Evolution Chamber  
  29  3:03  Hatchery  
  28  3:08  Zerg Melee Weapons Level 1  
  28  3:10  Zergling x2  
  29  3:15  Drone  
  29  3:17  Overlord  
  30  3:24  Zergling x4  
  32  3:36  Zergling x8  
  36  3:42  Drone  
  36  3:43  Zergling x2  
  36  3:46  Drone  
  36  3:48  Zergling x2  
  35  4:20  Zergling x16  
  43  4:29  Drone  
  43  4:30  Evolution Chamber  
  43  4:33  Lair  
  42  5:01  Zerg Ground Armor Level 1  
  42  5:02  Zergling x12  
  46  5:11  Zergling x8  
  19  5:39  Zergling x6  
  15  5:55  Drone  
  13  6:15  Drone  
  13  6:28  Drone  
  14  6:38  Drone  
  15  6:47  Drone x3  
  15  6:48  Drone x2  
  20  7:00  Drone  
  21  7:05  Drone  
  22  7:10  Drone  
  22  7:14  Drone  
  24  7:19  Drone  
  25  7:25  Drone x2  
  25  7:29  Drone  
  28  7:35  Drone x2  
  30  7:43  Drone x2  
  32  7:47  Drone x2  
  32  7:50  Drone  
  35  7:51  Drone  
  35  7:58  Drone x2  
  38  8:05  Drone x3  
  41  8:13  Drone x4  
  44  8:21  Drone x4  
  44  8:22  Drone  
  48  8:34  Drone x4  
  48  8:36  Queen  
  48  8:40  Queen  
  55  8:41  Drone x2  
  57  8:53  Zergling x2  
  57  8:57  Baneling Nest, Drone  
  57  8:59  Overlord  
  57  9:00  Overlord, Extractor  
  55  9:08  Extractor  
  54  9:10  Extractor  
  54  9:12  Extractor  
  54  9:13  Extractor  
  51  9:17  Zergling x4  
  51  9:19  Hatchery  
  51  9:26  Queen  
  51  9:35  Drone  
  51  9:36  Drone x8  
  59  9:47  Drone x3  
  62  9:54  Roach Warren  
  62  9:59  Overlord  
  61  10:00  Overlord  
  61  10:01  Overlord  
  61  10:02  Overlord  
  61  10:03  Overlord  
  63  10:16  Hatchery  
Show
View Real Time Build Order
Export as new Build Order

Balamon Zerg 

Build Orders: Hatch First, Zergling Baneling 

Get SALT Encoding   

  12  0:01  Drone  
  13  0:12  Overlord  
  13  0:18  Drone  
  14  0:31  Drone x2  
  14  0:34  Drone  
  17  0:54  Hatchery  
  16  0:57  Drone  
  16  1:00  Drone  
  18  1:05  Extractor  
  17  1:16  Spawning Pool  
  17  1:18  Drone  
  17  1:24  Drone  
  18  1:29  Drone  
  19  1:39  Overlord  
  19  2:03  Queen  
  19  2:04  Zergling x2  
  19  2:06  Queen, Drone  
  19  2:08  Zergling x2  
  27  2:22  Zergling x2  
  27  2:23  Zergling x4  
  27  2:26  Metabolic Boost  
  27  2:28  Overlord  
  29  2:39  Baneling Nest, Drone  
  29  2:43  Zergling x2  
  30  2:55  Zergling x4  
  30  2:56  Overlord  
  32  3:10  Zergling x4  
  32  3:12  Zergling x4  
  36  3:16  Zergling x4  
  36  3:17  Zergling x2  
  38  3:31  Zergling x6  
  38  3:32  Zergling x4  
  41  3:38  Baneling x2  
  41  3:39  Baneling x2  
  41  3:41  Zergling x2  
  42  3:45  Zergling x2  
  42  4:00  Baneling x2  
  38  4:20  Baneling  
  38  4:21  Baneling  
  38  4:26  Baneling x3  
  38  4:27  Baneling  
  38  4:29  Drone x4  
  38  4:30  Drone  
  43  4:33  Extractor  
  42  4:42  Baneling  
  42  4:43  Baneling  
  42  4:45  Extractor  
  41  5:08  Zergling x6  
  41  5:09  Overlord  
  40  5:32  Zergling x2  
  36  5:47  Queen x2, Zergling x2  
  40  5:50  Drone  
  40  5:51  Drone x2  
  41  6:12  Baneling x2  
  36  6:36  Lair  
  36  6:37  Drone x2  
  38  6:42  Spore Crawler  
  38  6:44  Spore Crawler  
  36  6:49  Spore Crawler  
  36  6:51  Drone x7  
  36  6:52  Drone x4  
  46  6:55  Hatchery  
  45  7:07  Drone  
  45  7:08  Drone x2  
  48  7:09  Overlord  
  48  7:10  Pneumatized Carapace  
  48  7:14  Extractor  
  47  7:25  Drone x3  
  50  7:41  Zergling x2  
  50  7:43  Zergling x10  
  56  7:53  Queen  
  56  8:13  Hydralisk Den  
  49  8:26  Zergling x8  
  49  8:29  Spine Crawler  
  32  8:42  Hydralisk  
  32  8:43  Grooved Spines, Hydralisk x3  
  36  8:52  Drone  
  36  8:53  Drone x2  
  39  8:56  Hydralisk x5  
  49  9:05  Queen  
  33  9:36  Hydralisk x7  
  33  9:37  Hydralisk  
  42  9:44  Hydralisk  
  39  9:50  Hydralisk  
  41  10:05  Zergling x10  
  28  10:14  Spore Crawler  
  28  10:17  Spine Crawler  
Show
View Real Time Build Order
Export as new Build Order

Kurind Zerg 

Build Orders: Hatch First 

Get SALT Encoding   

  12  0:02  Drone  
  13  0:12  Drone  
  14  0:37  Hatchery  
  13  0:43  Drone  
  14  0:58  Spawning Pool  
  14  1:00  Drone  
  14  1:05  Extractor  
  14  1:07  Drone  
  14  1:16  Overlord  
  14  1:35  Drone x2  
  14  1:38  Drone  
  17  1:49  Roach Warren  
  16  1:56  Queen  
  16  2:00  Drone  
  19  2:07  Zergling x2  
  20  2:10  Drone  
  20  2:13  Drone  
  22  2:28  Overlord  
  22  2:31  Drone x2  
  22  2:32  Drone  
  25  2:43  Roach  
  27  2:47  Roach  
  27  2:50  Overlord  
  29  2:55  Roach  
  31  3:09  Roach  
  31  3:11  Drone x2  
  35  3:16  Lair  
  35  3:19  Roach  
  37  3:27  Evolution Chamber  
  37  3:29  Roach  
  38  3:36  Drone  
  38  3:37  Drone x2  
  40  3:43  Roach  
  42  3:49  Drone  
  42  3:52  Overlord  
  42  3:54  Zerg Missile Weapons Level 1  
  43  4:06  Overlord  
  43  4:11  Roach x2  
  47  4:18  Extractor  
  47  4:20  Drone x3  
  47  4:24  Queen, Extractor  
  48  4:28  Extractor  
  48  4:31  Roach x2  
  53  4:36  Roach  
  51  5:27  Roach x2  
  45  5:37  Roach  
  26  5:59  Roach  
  26  6:21  Roach  
  28  6:28  Drone x3  
  28  6:31  Hatchery  
  30  6:40  Drone x3  
  33  6:51  Queen  
  35  6:59  Roach  
  37  7:10  Roach  
  39  7:22  Roach  
    9:11  Drone  
    9:15  Drone x2  
  3  9:31  Hatchery  
Tags
 
Add a new tag
Caveats
  • Supply blocks, unpowered buildings, or Contaminate may cause inaccurate times.
  • Supply counts are checked every 10 seconds.